 Dungeon Crawl Stone Soup version 0.29-a0-330-g52719c12eb (webtiles) character file.

Game seed: 169219589061977100

61 tilp the Charlatan (level 3, 0/28 HPs)
             Began as a Mummy Artificer on May 9, 2022.
             Was an Initiate of Makhleb.
             Slain by Sigmund
             ... wielding a +2 scythe of freezing
              (1 damage)
             ... on level 3 of the Dungeon.
             The game lasted 00:05:22 (2738 turns).

tilp the Charlatan (Mummy Artificer)                Turns: 2738, Time: 00:05:23

Health: 0/28       AC: 11    Str: 17    XL:     3   Next: 83%
Magic:  3/3        EV:  7    Int: 10    God:    Makhleb [......]
Gold:   97         SH:  0    Dex: 18    Spells: 2/2 levels left

rFire   x . .      SeeInvis .   a - +0 quarterstaff
rCold   + . .      Faith    .   (shield currently unavailable)
rNeg    + + +      Spirit   .   o - +0 chain mail
rPois   ∞          Reflect  .   (no helmet)
rElec   .          Harm     .   (no cloak)
rCorr   .          Rampage  .   n - +2 pair of gloves
Will    .....                   (no boots)
Stlth   ..........              (no amulet)
HPRegen 0.09/turn               k - +6 ring of dexterity
MPRegen 0.08/turn               (no ring)

@: confused
A: cold resistance 1, negative energy resistance 3, torment resistance 2, heat
vulnerability 1, in touch with death 1, no potions
a: Renounce Religion


You were on level 3 of the Dungeon.
You worshipped Makhleb.
Makhleb was noncommittal.
You visited 1 branch of the dungeon, and saw 3 of its levels.

You collected 97 gold pieces.

Inventory:

Hand Weapons
 a - a +0 quarterstaff (weapon)
 b - a +0 dagger
 j - a +0 spear
Missiles
 h - 70 stones (quivered)
 l - 2 poisoned darts
Armour
 f - a +0 leather armour
 n - a +2 pair of gloves (worn)
 o - a +0 chain mail (worn)
Magical Staves
 p - a staff of conjuration
Jewellery
 k - a +6 ring of dexterity (left hand)
Wands
 c - a wand of flame (12)
 d - a wand of charming (12)
 e - a wand of iceblast (8)
Scrolls
 g - a scroll of blinking {unknown}
 i - a scroll of fear
 m - 2 scrolls of teleportation
 q - a scroll of fog
 r - a scroll of summoning {unknown}


   Skills:
 + Level 2.4 Fighting
 + Level 0.7 Throwing
 - Level 2.0 Armour
 - Level 1.0 Dodging
 + Level 1.3 Stealth
 + Level 2.7 Evocations


You had 2 spell levels left.
You didn't know any spells.
Your spell library contained the following spells:

 Spells                   Type           Power      Damage    Failure   Level
 Shock                    Conj/Air       0%         1d3       99%         1
 Corpse Rot               Necr/Air       0%         N/A       100%        2
 Poisonous Vapours        Pois/Air       0%         N/A       100%        2
 Swiftness                Air            0%         N/A       100%        3
 Airstrike                Air            0%         N/A       100%        4
 Anguish                  Hex/Necr       0%         N/A       100%        4
 Summon Ice Beast         Ice/Summ       0%         N/A       100%        4
 Simulacrum               Ice/Necr       0%         N/A       100%        6
 Sublimation of Blood     Necr           Unusable   N/A       N/A         2

Dungeon Overview and Level Annotations

Branches:
Dungeon (3/15)

Altars:
Makhleb

Shops:
D:3 =

Annotations:
D:3 3 runed translucent doors, Sigmund


Innate Abilities, Weirdness & Mutations

You are immune to poison.
Your flesh is cold resistant. (rC+)
You are immune to negative energy. (rN+++)
You are immune to unholy pain and torment.
You are vulnerable to heat. (rF-)
You are in touch with the powers of death.
You do not drink.


Message History

There is an open door here.
There is an open door here.
Found a burning altar of Makhleb.
The Executioner gives a hideous shriek!
No reachable target in view!
The hellwing gives a chilling moan.
The ynoxinul bellows!
There is a burning altar of Makhleb here.
You kneel at the altar of Makhleb.
Unknown command.
Press < or > to pray at altars.
You kneel at the altar of Makhleb.
Makhleb welcomes you!
r - a scroll labelled YKLIEP NAUFIM Sigmund the Dreaded comes into view.
He is wielding a +2 scythe of freezing.
Sigmund shouts!
Sigmund casts a spell at you.
You are confused.
Unknown command.
You are too confused!
Unknown command.
Sigmund gestures at you while chanting.
You are more confused.
You bump into the rock wall.
Sigmund hits you from afar with a +2 scythe of freezing!
Found an escape hatch in the ceiling.
Sigmund gestures at you while chanting.
The magic dart hits you but does no damage.
Sigmund hits you from afar with a +2 scythe of freezing!
* * * LOW HITPOINT WARNING * * *
You bump into the rock wall.
You bump into the rock wall.
Sigmund gestures at you while chanting. The puff of flame misses you.
Sigmund points at you and mumbles some strange words.
The puff of flame hits you. The fire burns you terribly!
* * * LOW HITPOINT WARNING * * *
Sigmund hits you with a +2 scythe of freezing.
* * * LOW HITPOINT WARNING * * *
Sigmund freezes you.
You die...

...###..##.##########
#### ##.##.##...._#1#
... #....##.#######
..... ##...#..#.#3#
.###.. #......#.#####
# ...#.####.#.....#
..##.# #.#...# .#..#
#.#...# #... #.#.@.#
.##.. #.#.@.### #.
#.# #.......# # #.
####.##.# ...#<#
....# # .....#
#.....# #.....#


You could see Sigmund.

Vanquished Creatures
  2 adders (D:2)
  A dart slug (D:1)
  4 ball pythons
  5 endoplasms
  2 giant cockroaches
  4 goblins
  4 hobgoblins
  A jackal (D:1)
  A kobold (D:2)
  A quokka (D:1)
  3 bats
  3 frilled lizards
  6 rats
37 creatures vanquished.

Vanquished Creatures (others)
  A goblin (D:1)
1 creature vanquished.

Grand Total: 38 creatures vanquished

Notes
Turn   | Place    | Note
-------+----------+-------------------------------------------
     0 | D:1      | tilp the Mummy Artificer began the quest for the Orb.
     0 | D:1      | Reached XP level 1. HP: 15/15 MP: 1/1
   851 | D:1      | Reached XP level 2. HP: 22/22 MP: 2/2
   950 | D:1      | Found a faded altar of an unknown god.
  1153 | D:1      | Reached skill level 1 in Dodging
  1307 | D:1      | Reached skill level 1 in Stealth
  1701 | D:1      | Got Xyreyvvo's Volume of the Doomed Escort
  1979 | D:2      | Gained mutation: You are in touch with the powers of death.
                  | [Mummy growth]
  1979 | D:2      | Reached XP level 3. HP: 23/27 MP: 3/3
  2406 | D:3      | Found Ojuisicw's Jewellery Emporium.
  2424 | D:3      | Found a runed translucent gate.
  2424 | D:3      | Found a runed translucent gate.
  2424 | D:3      | Found a runed translucent gate.
  2706 | D:3      | Found a burning altar of Makhleb.
  2706 | D:3      | Noticed an Executioner
  2709 | D:3      | Noticed a hellwing
  2709 | D:3      | Noticed a ynoxinul
  2711 | D:3      | Became a worshipper of Makhleb the Destroyer
  2727 | D:3      | Noticed Sigmund
  2738 | D:3      | HP: 1/28 [Sigmund/+2 scythe of freezing (6)]
  2738 | D:3      | Slain by Sigmund

Illustrated notes

Levels and vault maps discovered:
D:1:      lemuel_arrival_broad_hall, layout_basic,
          shapermc_ecumenical_altar_acropolis, st_stairs_11, minmay_tall_x
D:2:      layout_rooms
D:3:      layout_basic, makhleb_altar_promises_db, led_sif_book, serial_shops,
          shop, gammafunk_ghost_icy, uniq_sigmund

Skill      XL: |  1  2  3 |
---------------+----------+-----
Fighting       | 2 |  2.4
Dodging        | 1 |  1.0
Stealth        | 1 |  1.3
Armour         | 2 |  2.0
Throwing       | |  0.7
Evocations     | |  2.7

Action                   || total
-------------------------++-------
Melee: Dagger            ||    81
       Club              ||    14
       Quarterstaff      ||    32
Throw: Stone             ||    13
Evoke: Wand              ||     7
  Use: Scroll            ||     7
 Stab: Sleeping          ||     1
Armor: Leather armour    ||    23
       Chain mail        ||    33
Dodge: Dodged            ||    93

Table legend: (Time is in decaauts)
 A = Elapsed time spent in this place.
 B = Non-inter-level travel time spent in this place.
 C = Inter-level travel time spent in this place.
 D = Time resting spent in this place.
 E = Time spent auto-exploring this place.
 F = Levels seen in this place.
 G = Mean time per level.
                   A        B        C        D        E       F      G
               +--------+--------+--------+--------+--------+-----+--------+
         Total |   2749 |   2715 |     34 |   1121 |   1113 |   3 |  916.3 |
       Dungeon |   2749 |   2715 |     34 |   1121 |   1113 |   3 |  916.3 |
               +--------+--------+--------+--------+--------+-----+--------+

Top non-repeatable levels by time:
     D:1: 1720 daAuts
     D:2: 695 daAuts
     D:3: 333 daAuts
